Map: 亚历山大港 - 天梯版

Players

iGMacSed (MacSed)

  • Race: Protoss Protoss

DnS - Winner!

  • Race: Protoss Protoss

Event: WESG 2018 Grand Finals

VOD

Have the link to the VOD?

Description

Time

  • Played on: March 12, 2019, 6:09 a.m.
  • Length: 9:05

All games in this series

Show
View Real Time Build Order
Export as new Build Order

iGMacSed Protoss 

Build Orders: Oracle Opening, Zealot Archon 

Get SALT Encoding   

  12  0:00  Probe  
  13  0:12  Probe  
  14  0:18  Pylon  
  14  0:24  Probe  
  15  0:32  Probe  
  15  0:38  Gateway  
  15  0:40  Probe  
  16  0:47  Assimilator  
  17  0:54  Probe, Assimilator  
  18  1:02  Probe  
  18  1:10  Probe  
  19  1:13  Gateway  
  20  1:23  Probe  
  21  1:27  Cybernetics Core  
  21  1:35  Probe  
  22  1:40  Pylon  
  22  1:47  Probe  
  23  1:59  Probe  
  24  2:04  Warp Gate  
  24  2:05  Sentry  
  24  2:06  Stalker  
  28  2:11  Probe  
  28  2:15  Pylon  
  29  2:31  Stargate  
  28  2:50  Nexus  
  28  2:54  Probe  
  29  3:01  Stalker  
  31  3:06  Probe  
  31  3:10  Oracle  
  32  3:13  Pylon  
  32  3:24  Probe  
  36  3:36  Probe  
  36  3:40  Robotics Facility  
  37  3:44  Probe  
  38  3:52  Probe  
  38  3:56  Shield Battery  
  38  3:59  Probe  
  38  4:02  Probe  
  40  4:07  Probe  
  40  4:09  Forge  
  41  4:14  Probe  
  41  4:16  Probe  
  43  4:17  Sentry  
  43  4:22  Pylon  
  46  4:24  Probe  
  46  4:28  Probe  
  48  4:32  Probe  
  48  4:36  Assimilator  
  48  4:37  Assimilator  
  48  4:38  Observer  
  50  4:40  Probe  
  50  4:41  Probe  
  50  4:42  Pylon  
  52  4:52  Probe  
  50  4:53  Protoss Ground Weapons Level 1, Probe  
  51  5:00  Immortal  
  51  5:04  Probe  
  51  5:05  Probe  
  57  5:09  Twilight Council  
  57  5:20  Probe, Gateway  
  58  5:23  Gateway  
  58  5:25  Pylon  
  58  5:29  Immortal  
  58  5:33  Probe  
  59  5:35  Shield Battery  
  64  5:46  Charge  
  63  5:50  Templar Archives  
  63  5:52  Gateway  
  63  5:53  Gateway  
  63  6:04  Pylon  
  63  6:07  Gateway  
  63  6:09  Gateway  
  63  6:16  Zealot x2  
  64  6:24  Probe  
  65  6:27  Probe  
  65  6:31  High Templar x2  
  70  6:36  Pylon  
  70  6:38  Pylon  
  70  6:39  Adept  
  72  6:42  Adept  
  72  6:44  Probe  
  74  6:48  Archon  
  74  6:51  Probe  
  72  6:56  Probe  
  72  7:01  Zealot x4  
  72  7:03  Probe  
  80  7:08  Probe  
  80  7:15  Probe  
  82  7:20  Probe  
  83  7:23  Warp Prism  
  83  7:27  High Templar  
  83  7:28  High Templar x3  
  93  7:32  Pylon, Archon x2  
  93  7:46  Nexus  
  93  7:53  Pylon  
  93  7:54  High Templar x2  
  93  7:58  Archon  
  97  8:09  Zealot x5  
  107  8:13  Probe x2  
  109  8:28  Zealot x3  
  109  8:29  Zealot x2  
  115  8:37  Zealot x2  
  108  8:44  Zealot  
  85  8:48  Zealot  
  85  8:53  Zealot x2  
Show
View Real Time Build Order
Export as new Build Order

DnS Protoss - Winner!

Build Orders: Phoenix Opening, Zealot Archon 

Get SALT Encoding   

  12  0:00  Probe  
  13  0:12  Probe  
  14  0:17  Pylon  
  14  0:24  Probe  
  15  0:32  Probe  
  15  0:38  Gateway  
  15  0:40  Probe  
  16  0:47  Assimilator  
  17  0:51  Probe  
  17  0:56  Assimilator  
  18  1:00  Probe  
  19  1:08  Probe  
  19  1:09  Gateway  
  19  1:17  Probe  
  21  1:26  Cybernetics Core  
  21  1:29  Probe  
  22  1:37  Pylon  
  22  1:41  Probe  
  23  1:53  Warp Gate  
  23  1:55  Probe  
  24  2:02  Stalker, Sentry  
  28  2:11  Pylon  
  28  2:30  Stalker  
  28  2:32  Stalker  
  32  2:39  Phoenix  
  31  2:51  Nexus  
  31  2:56  Probe  
  32  3:02  Sentry  
  32  3:03  Sentry  
  36  3:08  Probe  
  37  3:13  Pylon  
  37  3:20  Probe  
  38  3:32  Probe  
  39  3:40  Forge  
  39  3:43  Stalker  
  39  3:44  Probe  
  39  3:46  Stalker  
  44  3:53  Probe  
  44  4:00  Probe  
  44  4:01  Probe  
  45  4:04  Protoss Ground Weapons Level 1  
  45  4:08  Probe  
  47  4:10  Probe  
  47  4:11  Stalker  
  51  4:18  Probe  
  51  4:19  Probe  
  53  4:27  Probe  
  53  4:30  Probe  
  53  4:37  Probe  
  53  4:42  Probe, Robotics Facility  
  55  4:49  Probe  
  55  4:53  Pylon  
  55  4:54  Probe  
  55  4:56  Assimilator  
  55  4:59  Assimilator  
  56  5:01  Twilight Council, Probe  
  56  5:06  Probe  
  58  5:07  Adept x2  
  58  5:13  Probe  
  63  5:17  Pylon  
  63  5:18  Probe  
  64  5:25  Probe  
  64  5:26  Protoss Ground Weapons Level 2  
  65  5:30  Probe, Observer  
  65  5:33  Pylon  
  67  5:37  Probe  
  67  5:40  Charge  
  68  5:50  Gateway x2  
  68  5:51  Immortal  
  72  6:01  Gateway  
  72  6:03  Phoenix  
  72  6:08  Gateway  
  72  6:19  Templar Archives  
  72  6:26  Pylon  
  72  6:30  Gateway  
  72  6:31  Immortal  
  72  6:32  Gateway  
  76  6:36  Pylon  
  76  6:44  Zealot  
  76  6:45  Zealot x2  
  82  7:00  High Templar x2  
  84  7:05  Archon  
  84  7:08  Nexus  
  82  7:12  Warp Prism  
  84  7:17  High Templar x2, Pylon  
  84  7:18  Zealot  
  84  7:20  Pylon  
  84  7:21  Archon  
  90  7:24  Zealot  
  90  7:28  High Templar  
  90  7:29  High Templar  
  96  7:33  Archon  
  96  7:38  Zealot x2  
  96  7:39  Zealot  
  96  7:43  Pylon  
  102  7:52  Zealot  
  102  7:53  Zealot x2  
  102  7:56  Pylon  
  108  8:00  High Templar x2  
  112  8:10  Pylon  
  112  8:13  Archon  
  112  8:28  Zealot x6  
  110  8:49  Zealot x2  
  110  8:50  Zealot  
  110  8:51  Zealot x3  
  110  8:52  Zealot  
Tags
 
Add a new tag
Caveats
  • Supply blocks, unpowered buildings, or Contaminate may cause inaccurate times.
  • Supply counts are checked every 10 seconds.